[Event "*** Titled Tuesday Blitz"]
[Site "Chess.com"]
[Date "2020.04.14"]
[Round "9"]
[White "albi1999"]
[Black "SergeiAza"]
[Result "1-0"]
[WhiteElo "2604"]
[BlackElo "2758"]
[TimeControl "180+1"]
[EndTime "11:43:01 PDT"]
[Termination "albi1999 won on time"]

1. d4 Nf6 2. c4 g6 3. Nc3 d5 4.
Nf3 Bg7 5. h4 c5 6. dxc5 Na6 7.
cxd5 Nxc5 8. Be3 Nce4 9. Nxe4 Nxe4 10. Qa4+ Bd7 11. Qxe4 Bxb2 12. Rd1 O-O 13. h5 Bf5 14. Qb4 Bf6 15. hxg6 fxg6 16. g4 Rc8 17. Bd4 Bc2 18. Bxf6 Bxd1 19. Bxe7 Qxd5 20. Bxf8 Bxe2 21. Qd4 Qxd4 22.
Nxd4 Bxf1 23. Rxf1 Kxf8 24. Kd2 Rc4 25. Ke3 Ra4 26.
Rb1 b6 27. Rb2 h5 28. gxh5 gxh5 29. Ke4 h4 30. f4 Kf7 31. Rh2 Kg6 32. Rxh4 Rxa2 33.
Ke5 Ra5+ 34. Ke6 Ra1 35. Nc6 Kg7 36. Ne5 b5 37. f5 Ra6+ 38. Ke7 Ra4 39. f6+ 1-0

[Event "*** Titled Tuesday Blitz"]
[Site "Chess.com"]
[Date "2020.04.14"]
[Round "9"]
[White "RojonR"]
[Black "ItsCheckM8Mate"]
[Result "1-0"]
[WhiteElo "2397"]
[BlackElo "2167"]
[TimeControl "180+1"]
[EndTime "11:43:01 PDT"]
[Termination "RojonR won by resignation"]

1. e4 e5 2. Nf3 Nc6 3. Nc3 Nf6 4. Be2 d5 5. exd5 Nxd5 6. O-O Be7 7. Bb5 Nxc3 8.
bxc3 Bd6 9. d4 exd4 10. Re1+ Kf8 11. cxd4 Bg4 12. h3 Bxf3 13. gxf3 Qh4 14. Bxc6 bxc6 15.
Kg2 g6 16. Re4 Qh5 17. c4 f5 18. Re6 Kf7 19. d5 c5 20. Qe2 Rhe8 21. Bd2 f4 22. Re1 Qg5+ 23. Kh2 Re7 24. Rxe7+ Bxe7 25. Qe6+ Kf8 26.
Re5 Qf6 27. Bc3 Qxe6 28. Rxe6 Kf7 29. Be5 Rb8 30. Bxf4 Rb2 31. Kg2 c6 32. Rxc6 Bh4 33.
Be3 Rxa2 34. Rxc5 Be7 35. Rc7 Kf6 36. Rxa7 Bd6 37. Rxa2 1-0

[Event "*** Titled Tuesday Blitz"]
[Site "Chess.com"]
[Date "2020.04.14"]
[Round "9"]
[White "martinbitel"]
[Black "Budisavljevic"]
[Result "0-1"]
[WhiteElo "2606"]
[BlackElo "2459"]
[TimeControl "180+1"]
[EndTime "11:43:02 PDT"]
[Termination "Budisavljevic won on time"]

1. e4 c5 2. Nf3 e6 3. d4 cxd4 4. Nxd4 a6 5. Bd3 Qb6 6. Nb3 Qc7 7. Nc3 b5 8. Be3 Bb7 9. O-O Nf6 10. a3 Be7 11. f4 d6 12. Qf3 Nbd7 13. Qg3 O-O 14. Rae1 e5 15. f5 Rfe8 16. Nd2 d5 17. exd5 Nxd5 18.
Nxd5 Bxd5 19. Ne4 Nf6 20. Bh6 Qb6+ 21. Be3 Qb7 22. Nc5 Bxc5 23. Bxc5 Rac8 24. b4 e4 25.
Bd4 exd3 26. cxd3 Qc6 27. h3 Rxe1 28. Rxe1 Rd8 29. Be5 Kh8 30. Re3 Ne8 31. Qf4 f6 32.
Bd4 Nc7 33. Rg3 Qd6 34. Qg4 Qd7 35. Kh2 Bg8 36. Bc3 Ne8 37. Qh4 Qc7 0-1

[Event "*** Titled Tuesday Blitz"]
[Site "Chess.com"]
[Date "2020.04.14"]
[Round "9"]
[White "BlackWidow515"]
[Black "SameerMujumdar"]
[Result "0-1"]
[WhiteElo "1983"]
[BlackElo "2377"]
[TimeControl "180+1"]
[EndTime "11:43:02 PDT"]
[Termination "SameerMujumdar won by checkmate"]

1. e4 d6 2. d4 Nf6 3. Bd3 g6 4. Ne2 Bg7 5. O-O O-O 6. c4 c5 7. d5 b5 8. cxb5 a6 9. bxa6 Bxa6 10. Nbc3 Qb6 11. Bxa6 Nxa6 12. a3 Rfb8 13. Qc2 Nb4 14. Qd1 Qa6 15. Rb1 Nd3 16. Nf4 Nxc1 17. Qxc1 Bh6 18.
g3 Qc4 19. Qc2 Bxf4 20. gxf4 Nh5 21. Qd2 Qd4 22. Rfd1 Qxd2 23. Rxd2 Nxf4 24. f3 Rb3 25. Rc1 Rab8 26. Rcc2 c4 27. Nd1 Rxf3 28. Rxc4 Kg7 29. Rc3 Rxc3 30. Nxc3 f5 31. Kf2 Rxb2 32. Rxb2 Nd3+ 33. Ke3 Nxb2 34. Kd4 f4 35. a4 Kf6 36. a5 f3 37. Nd1 Nxd1 38. a6 f2 39. a7 f1=Q 40.
a8=Q Qf2+ 41. Kd3 Qe3+ 42. Kc2 Qe2+ 43. Kc1 Nf2 44. Qf8+ Kg5 45. Qxe7+ Kg4 46. Qxd6 Nd3+ 47. Kb1 Qb2# 0-1

[Event "*** Titled Tuesday Blitz"]
[Site "Chess.com"]
[Date "2020.04.14"]
[Round "9"]
[White "cukus"]
[Black "Aygehovit1992"]
[Result "1-0"]
[WhiteElo "2485"]
[BlackElo "2730"]
[TimeControl "180+1"]
[EndTime "11:43:03 PDT"]
[Termination "cukus won by resignation"]

1. e4 c5 2. Nf3 d6 3. d4 cxd4 4. Nxd4 Nf6 5. Nc3 Nc6 6. Bg5 Bd7 7. f4 Qb6 8. Nb3 Rc8 9. Qd2 h6 10. Bxf6 gxf6 11. O-O-O Nb4 12. Kb1 e6 13. Be2 a5 14.
a3 a4 15. Nd4 Na6 16. Rhe1 d5 17. exd5 Bxa3 18. Bb5 Bxb2 19. Kxb2 a3+ 20. Ka1 O-O 21. dxe6 fxe6 22. Re3 Rf7 23. Rg3+ Kf8 24. f5 e5 25. Ne6+ Bxe6 26. fxe6 Qxe6 27. Qxh6+ Ke7 28. Rd7+ Qxd7 29. Bxd7 Kxd7 30. Rg7 Rf8 31. Qg6 Ke6 32. Rxf7 Rxf7 33. Ne4 Rf8 34. h4 Nb4 35. h5 Nxc2+ 36. Ka2 Nb4+ 37.
Kxa3 Nd5 38. h6 Nf4 39. Qg7 Ra8+ 40. Kb3 Kf5 41. h7 Rb8 42. h8=Q Rxh8 43. Ng3+ Ke6 44.
Qxh8 1-0

[Event "*** Titled Tuesday Blitz"]
[Site "Chess.com"]
[Date "2020.04.14"]
[Round "9"]
[White "Igrok3069"]
[Black "Lestofante90"]
[Result "1-0"]
[WhiteElo "2670"]
[BlackElo "2771"]
[TimeControl "180+1"]
[EndTime "11:43:03 PDT"]
[Termination "Igrok3069 won on time"]

1. d4 Nf6 2. c4 g6 3. f3 Bg7 4. e4 d6 5. Nc3 O-O 6. Nge2 c5 7.
d5 e6 8. Bg5 exd5 9. cxd5 h6 10.
Be3 Nbd7 11. Qd2 Ne5 12. Nc1 a6 13. Be2 b5 14. O-O h5 15. Kh1 Bd7 16. Bg5 Qb6 17. Nd3 Nh7 18. Bh6 Nxd3 19. Bxd3 c4 20. Bc2 b4 21. Bxg7 Kxg7 22. Ne2 Rac8 23. f4 c3 24. bxc3 bxc3 25. Nxc3 Qc5 26. Rf3 Rc7 27. Bb3 Rfc8 28. Ne2 Nf6 29. e5 Ne4 30. Qe3 Bf5 31.
Qxc5 Rxc5 32. Re3 Nd2 33. h3 Nxb3 34. axb3 a5 35. Rd1 dxe5 36. fxe5 Rd8 37. Nc3 Bc2 38. Rd2 Bxb3 39. d6 1-0

[Event "*** Titled Tuesday Blitz"]
[Site "Chess.com"]
[Date "2020.04.14"]
[Round "9"]
[White "fmshawnrl123"]
[Black "ElHelvetico"]
[Result "0-1"]
[WhiteElo "2759"]
[BlackElo "2633"]
[TimeControl "180+1"]
[EndTime "11:43:03 PDT"]
[Termination "ElHelvetico won by resignation"]

1. c4 f5 2. g3 Nf6 3. Bg2 g6 4. d3 Bg7 5. e4 fxe4 6. dxe4 d6 7. Nc3 O-O 8. Nf3 c5 9. O-O Nc6 10. h3 e5 11. Bg5 Be6 12. Nd5 Bxd5 13. exd5 Nd4 14. Nxd4 cxd4 15. Qd3 Qb6 16. b3 Nd7 17. Rae1 Nc5 18. Qd2 Rae8 19. Be4 a5 20. h4 Qb4 21. Qc1 Nxe4 22. Rxe4 Rf3 23. Bd2 Qc5 24.
h5 Ref8 25. h6 Bh8 26. Kg2 a4 27. b4 Qc8 28. Qd1 Qxc4 29. Bf4 Rd3 30. Qe2 exf4 31. gxf4 Rc3 32. Qg4 Qxd5 33. Re1 Re3 34. f3 Rxe1 35.
Rxe1 d3 36. Qd7 Bf6 37. Re7 Bxe7 38. Qxe7 Qf7 39. Qxd6 Qxa2+ 40. Kg3 d2 41. Qd4 Qf7 42. Qxd2 Qxf4+ 43. Qxf4 Rxf4 0-1

[Event "*** Titled Tuesday Blitz"]
[Site "Chess.com"]
[Date "2020.04.14"]
[Round "9"]
[White "bait_or_mate"]
[Black "XiaoKangZhong"]
[Result "1-0"]
[WhiteElo "2567"]
[BlackElo "2393"]
[TimeControl "180+1"]
[EndTime "11:43:03 PDT"]
[Termination "bait_or_mate won by checkmate"]

1. d4 Nf6 2. c4 g6 3. Nc3 d5 4.
cxd5 Nxd5 5. e4 Nxc3 6. bxc3 Bg7 7. Nf3 O-O 8. Be2 c5 9. O-O cxd4 10. cxd4 Nc6 11.
Be3 Qa5 12. d5 Ne5 13. Nd4 h5 14. h3 Rd8 15. f4 Nd7 16. Rc1 Nc5 17. Bf3 e6 18. Qc2 exd5 19. exd5 Nd7 20. Nb3 Qb4 21. Rfd1 Nb6 22. Nc5 Bf5 23. Qf2 Rac8 24. Nxb7 Rxc1 25. Rxc1 Rd7 26. Nc5 Rd6 27. Nb7 Rd7 28. d6 Nc4 29.
Bc5 Qb2 30. Rxc4 Qb1+ 31. Kh2 Bd3 32. Rb4 Qc1 33. Be3 Qc8 34. Qd2 Bc3 35. Qxd3 Bxb4 36. Bd5 Kg7 37. Qd4+ Kh7 38. Qxb4 a5 39. Qc5 Qe8 40. Bc6 Qe6 41. Bxd7 Qxd7 42. Qc7 Qb5 43. Qxf7+ Kh6 44. f5+ g5 45. Qf6+ Kh7 46. Qg6+ Kh8 47. Bd4+ Qe5+ 48. Bxe5# 1-0

[Event "*** Titled Tuesday Blitz"]
[Site "Chess.com"]
[Date "2020.04.14"]
[Round "9"]
[White "PavelChernomordik"]
[Black "northridgehawk"]
[Result "0-1"]
[WhiteElo "2414"]
[BlackElo "2302"]
[TimeControl "180+1"]
[EndTime "11:43:03 PDT"]
[Termination "northridgehawk won by resignation"]

1. e4 e5 2. Nf3 Nc6 3. Bb5 a6 4.
Ba4 Nf6 5. Qe2 b5 6. Bb3 Bc5 7. a4 Rb8 8. axb5 axb5 9. d3 O-O 10. Bg5 h6 11. Bh4 d6 12. h3 Be6 13. Nbd2 Re8 14. O-O g5 15. Bg3 Nh5 16. Bh2 Qf6 17.
Nxe5 Nxe5 18. Qxh5 Kg7 19. Kh1 Ng6 20. c3 Ra8 21. d4 Rxa1 22. Rxa1 Qxf2 23. Bxe6 Rxe6 24.
Nf3 Bb6 25. Re1 f5 26. Bg1 Qxg2+ 27. Kxg2 Nf4+ 28. Kh2 Nxh5 29. exf5 Rxe1 30. Nxe1 Kf6 31. Kg2 Kxf5 32. Kf3 Nf4 33. Be3 Nxh3 34. Nd3 g4+ 35.
Ke2 Ng5 36. Nb4 Ke4 37. Nd3 g3 38. Ne1 c5 39. Bxg5 hxg5 40. Nf3 g4 41. Nd2+ Kf4 42.
d5 c4 43. Kf1 Be3 44. Nb1 Kf3 0-1

[Event "*** Titled Tuesday Blitz"]
[Site "Chess.com"]
[Date "2020.04.14"]
[Round "9"]
[White "Saxar85"]
[Black "GMaka"]
[Result "1-0"]
[WhiteElo "2608"]
[BlackElo "2306"]
[TimeControl "180+1"]
[EndTime "11:43:04 PDT"]
[Termination "Saxar85 won on time"]

1. Nf3 Nf6 2. g3 c5 3. Bg2 Nc6 4. O-O e5 5. e4 d6 6. Nc3 Bg4 7. h3 Bh5 8. d3 Be7 9. Be3 Nd4 10.
g4 Bg6 11. Nd2 h5 12. g5 Nd7 13. h4 Nf8 14. Nd5 Nfe6 15. c3 Nc6 16. a3 O-O 17. b4 Nc7 18. Nxe7+ Qxe7 19. f4 exf4 20. Bxf4 Ne5 21. Qe2 Ne6 22. Bg3 b6 23. bxc5 bxc5 24. Nc4 Nxc4 25. dxc4 Rab8 26. Rad1 Rb6 27. e5 dxe5 28. Qxe5 Rd8 29. Kh2 Bd3 30. Rf2 Bxc4 31. Rfd2 Rxd2 32. Rxd2 Bb3 33. Qe4 c4 34. Qa8+ Nf8 35.
Qd8 Re6 36. Qxe7 Rxe7 37. Rd8 Rd7 38. Ra8 g6 39. Bf2 Kg7 40. Bd4+ Rxd4 41. cxd4 c3 42. Rc8 c2 43. Be4 Ne6 44. d5 Nd4 45. d6 Ba4 46. Bxc2 Nxc2 47. Rc4 1-0

[Event "*** Titled Tuesday Blitz"]
[Site "Chess.com"]
[Date "2020.04.14"]
[Round "9"]
[White "Savagelittlemole"]
[Black "KarstenHansch"]
[Result "1-0"]
[WhiteElo "2609"]
[BlackElo "2448"]
[TimeControl "180+1"]
[EndTime "11:43:04 PDT"]
[Termination "Savagelittlemole won by checkmate"]

1. e4 c6 2. d4 d5 3. e5 Bf5 4.
h4 h5 5. c4 e6 6. Nc3 dxc4 7. Bxc4 Nd7 8. Be2 Nb6 9. Bxh5 Bb4 10.
a3 Bxc3+ 11. bxc3 g6 12. Bg5 Qd5 13. Bf3 Qc4 14. Ne2 Nd5 15. O-O Nxc3 16. Nxc3 Qxc3 17.
Rc1 Qd3 18. Qa4 Kf8 19. d5 cxd5 20. Qb4+ Kg7 21. Rc7 Be4 22. Qxb7 Rf8 23. Bxe4 Qxe4 24. Qxa7 Qxe5 25. g3 Nf6 26. Bf4 Qf5 27. Bd6 Ne4 28.
Bxf8+ Rxf8 29. Qd4+ Kg8 30. Kg2 Ra8 31. a4 e5 32.
Qxd5 Rxa4 33. Qd8+ Kh7 34. Rc8 Qf6 35. Qg8+ Kh6 36.
Rc7 Nd6 37. Rd7 Rd4 38. Rc1 e4 39. Qf8+ Kh7 40. Rd8 Qf3+ 41. Kg1 Qf6 42. Qg8+ Kh6 43. g4 g5 44. hxg5+ Qxg5 45. Qh8+ Kg6 46. Rg8# 1-0

[Event "*** Titled Tuesday Blitz"]
[Site "Chess.com"]
[Date "2020.04.14"]
[Round "9"]
[White "Monmoransy"]
[Black "eCztery"]
[Result "1-0"]
[WhiteElo "2605"]
[BlackElo "2412"]
[TimeControl "180+1"]
[EndTime "11:43:04 PDT"]
[Termination "Monmoransy won by resignation"]

1. e4 c5 2. Nf3 Nc6 3. d4 cxd4 4. Nxd4 g6 5. c4 Nf6 6. Nc3 Nxd4 7. Qxd4 d6 8. Be3 Bg7 9. f3 O-O 10. Qd2 a5 11. Be2 a4 12. Rc1 Qa5 13. Kf2 Be6 14.
Rhd1 Rfc8 15. Nd5 Qxd2 16. Rxd2 Bxd5 17. exd5 Nd7 18. Bd3 b5 19. Rdc2 bxc4 20. Bxc4 Rxc4 21. Rxc4 Bxb2 22. Rc8+ Rxc8 23. Rxc8+ Kg7 24. Rc7 Nf6 25. Rxe7 Nxd5 26. Ra7 a3 27. Ra4 Nc3 28. Bd4+ f6 29.
Ra7+ Kh6 30. Bxc3 Bxc3 31. Rxa3 Be5 32. g3 d5 33. Ke3 g5 34. Ra7 Kg6 35. a4 h5 36. a5 h4 37. gxh4 Bxh2 38. h5+ Kf5 39. Ke2 g4 40. fxg4+ Kxg4 41. h6 Be5 42. Rg7+ Kf4 43. h7 f5 44. Rg8 Ke4 45. h8=Q Bxh8 46. Rxh8 d4 47. Re8+ Kf4 48. Kd3 Kg3 49. a6 f4 50.
Rg8+ Kf2 1-0

[Event "*** Titled Tuesday Blitz"]
[Site "Chess.com"]
[Date "2020.04.14"]
[Round "9"]
[White "Danfii"]
[Black "tgpgoat"]
[Result "1-0"]
[WhiteElo "2307"]
[BlackElo "2108"]
[TimeControl "180+1"]
[EndTime "11:43:05 PDT"]
[Termination "Danfii won on time"]

1. e4 c5 2. Nf3 Nc6 3. d4 cxd4 4. Nxd4 e5 5. Nb5 d6 6. N1c3 a6 7. Na3 b5 8. Nd5 Nf6 9. Bg5 Be7 10. Bxf6 Bxf6 11. c4 b4 12. Nc2 a5 13. Qf3 Bg5 14. h4 Be7 15. g3 O-O 16. Bh3 Be6 17.
Rd1 a4 18. b3 axb3 19. axb3 Qb8 20. Kf1 Bd8 21. Kg2 Ra2 22. Qd3 Bxh3+ 23. Kxh3 Qc8+ 24. Kg2 f5 25. Nde3 fxe4 26. Qxd6 Nd4 27. Qd5+ Kh8 28. Qxe4 Bb6 29. Rhf1 Qc7 30. Nxb4 Re2 31. Nbd5 Qa7 32. Nxb6 Qxb6 33. Qxe5 Nc2 34. Rd3 Nxe3+ 35. Rxe3 Rxe3 36. Qxe3 Qb7+ 37. Kg1 h6 38. Re1 Rf3 39. Qe8+ Kh7 40.
Qe4+ Qxe4 41. Rxe4 Rxb3 42. Kg2 Rc3 43. Kf1 Kg6 44. Ke2 Kf6 45. Kd2 Ra3 46. Rf4+ Kg6 47. c5 1-0

[Event "*** Titled Tuesday Blitz"]
[Site "Chess.com"]
[Date "2020.04.14"]
[Round "9"]
[White "BabyFacedAssasin"]
[Black "steepedgames"]
[Result "1-0"]
[WhiteElo "2302"]
[BlackElo "2417"]
[TimeControl "180+1"]
[EndTime "11:43:07 PDT"]
[Termination "BabyFacedAssasin won by resignation"]

1. e4 e6 2. d4 d5 3. Bd3 Nf6 4. e5 Nfd7 5. c3 c5 6. Ne2 Nc6 7. Bc2 b5 8. O-O a5 9. f4 g6 10. Be3 Be7 11. Nd2 b4 12. Nf3 Ba6 13. Rf2 Qb6 14.
dxc5 Bxc5 15. Ned4 h5 16. Qd2 O-O-O 17. Ba4 Nxd4 18.
cxd4 Be7 19. Rc1+ Kb8 20. Rc6 Qb7 21. Qc1 Rc8 22. Rfc2 Nb6 23. Rxc8+ Rxc8 24. Rxc8+ Nxc8 25. Qc6 Qxc6 26. Bxc6 Bd3 27. Be8 Bb1 28. Bxf7 a4 29. Bxe6 Nb6 30. Nd2 Bxa2 31. Bf7 Nc4 32. Nxc4 dxc4 33.
Bxg6 c3 34. bxc3 b3 35. Bc1 a3 36. f5 b2 37. Bxb2 Bb1 38. f6 Bxg6 39. Bc1 a2 40. Bb2 Bf8 41. e6 Kc8 42. e7 Bxe7 43.
fxe7 Kd7 44. Kf2 Kxe7 45. Ke3 Kd6 46. c4 Kc6 47. d5+ Kc5 48. Kf4 Kxc4 49. d6 Kd5 50. d7 h4 51. d8=Q+ Ke6 52. Qe8+ Kd5 53. Qxg6 a1=Q 54.
Qe4+ Kd6 55. Bxa1 1-0

[Event "*** Titled Tuesday Blitz"]
[Site "Chess.com"]
[Date "2020.04.14"]
[Round "9"]
[White "maxsergej"]
[Black "AlessiaSanteramo"]
[Result "0-1"]
[WhiteElo "2217"]
[BlackElo "2073"]
[TimeControl "180+1"]
[EndTime "11:43:07 PDT"]
[Termination "AlessiaSanteramo won on time"]

1. e4 e5 2. Nf3 Nc6 3. Bb5 Bc5 4. O-O Nd4 5. Nxd4 Bxd4 6. c3 Bb6 7. d4 c6 8. Ba4 d6 9. Be3 Nf6 10. Bg5 h6 11. Bh4 g5 12. Bg3 Nxe4 13. Re1 Nxg3 14. hxg3 Qf6 15. Nd2 O-O 16. Ne4 Qg6 17. Bc2 Bf5 18.
dxe5 dxe5 19. Rc1 Rad8 20. Qe2 Bxe4 21. Bxe4 f5 22. Bc2 e4 23. Rcd1 Qf6 24. Rd2 e3 25. fxe3 Rde8 26. Qc4+ Kg7 27. Rde2 Bc7 28. g4 Qe5 29.
Bxf5 Qh2+ 30. Kf1 Bg3 31. Rf2 Qh1+ 32. Ke2 Rxe3+ 33. Kxe3 Qxe1+ 34. Re2 Re8+ 35. Be6 Bf4+ 36. Kf3 Qg3+ 37. Ke4 Kf6 38. Qd4+ Kxe6 39. Qg7 Kd6+ 40.
Kf5 Rxe2 41. Qf8+ Kc7 42. Qf7+ Kd6 43. Qf8+ Kd5 44. Qf7+ Kc5 45. Qb3 Re5+ 46. Kf6 Qd3 47. Qb4+ Kd5 48. Qa5+ Ke4 0-1

[Event "*** Titled Tuesday Blitz"]
[Site "Chess.com"]
[Date "2020.04.14"]
[Round "9"]
[White "afgano29"]
[Black "Quiet_Desperation"]
[Result "0-1"]
[WhiteElo "2657"]
[BlackElo "1977"]
[TimeControl "180+1"]
[EndTime "11:43:08 PDT"]
[Termination "Quiet_Desperation won by resignation"]

1. d4 Nf6 2. c4 e6 3. Nf3 Bb4+ 4. Nbd2 b6 5. g3 O-O 6. Bg2 Bb7 7. O-O Be7 8. Qc2 d5 9. Ne5 Nbd7 10. Ndf3 Nxe5 11.
Nxe5 Nd7 12. Bf4 Nxe5 13. Bxe5 c5 14. Rfd1 Rc8 15. cxd5 Bxd5 16. e4 cxd4 17. Qa4 Bc6 18. Qxa7 d3 19. Qa6 b5 20. Rac1 Qd7 21. Rc3 d2 22.
Bf4 Bb7 23. Qb6 Rxc3 24. bxc3 e5 25. Rxd2 Qc8 26. Be3 b4 27. cxb4 Qc1+ 28. Bf1 Bxe4 29.
Rd7 Qb1 30. a3 Bf5 31. Rd2 h5 32. Qc7 Rc8 33. Qxe5 Bh3 34. Qb5 Rc1 35. Rd8+ Bxd8 36. Bxc1 Qxc1 37. a4 Be7 38. a5 Qxf1+ 39. Qxf1 Bxf1 40.
Kxf1 Bxb4 41. Ke2 Bxa5 0-1

[Event "*** Titled Tuesday Blitz"]
[Site "Chess.com"]
[Date "2020.04.14"]
[Round "9"]
[White "YQPerez"]
[Black "SPEEDSKATER"]
[Result "1-0"]
[WhiteElo "2985"]
[BlackElo "2828"]
[TimeControl "180+1"]
[EndTime "11:43:09 PDT"]
[Termination "YQPerez won by resignation"]

1. e4 e6 2. Nf3 d5 3. Nc3 Nf6 4. e5 Nfd7 5. Ne2 c5 6. c3 c4 7.
d4 cxd3 8. Ned4 Nc6 9. Nxc6 bxc6 10. Bxd3 Qb6 11. O-O Ba6 12. Be3 c5 13. c4 Bxc4 14. Bxc4 dxc4 15. Qc2 Rb8 16. Rfd1 Qa6 17. b3 Nb6 18.
Qe4 Qb7 19. Qg4 c3 20. Ng5 Qc8 21. Ne4 Nd5 22. Rac1 Rb4 23. Rxd5 Rxe4 24. Qxe4 exd5 25.
Qxd5 Be7 26. Rxc3 O-O 27. h3 Rd8 28. Qe4 Qa6 29. a4 Qb6 30. Kh2 h6 31. f4 Bf8 32. f5 Qb4 33. Qxb4 cxb4 34. Rc7 a5 35. Ra7 Rd5 36. Bf4 g5 37. fxg6 fxg6 38. e6 Rd4 39. Ra8 Re4 40. Bd6 Rxe6 41. Bxf8 Kf7 42. Bc5 Rc6 43.
Rxa5 Ke6 44. Bxb4 Rb6 45. Rb5 Rc6 46. a5 Rc2 47. a6 Ra2 48. Ra5 1-0

[Event "*** Titled Tuesday Blitz"]
[Site "Chess.com"]
[Date "2020.04.14"]
[Round "9"]
[White "poliplaza"]
[Black "pooh2012"]
[Result "1-0"]
[WhiteElo "2402"]
[BlackElo "2543"]
[TimeControl "180+1"]
[EndTime "11:43:09 PDT"]
[Termination "poliplaza won on time"]

1. d4 Nf6 2. c4 e6 3. Nc3 Bb4 4. Bd2 O-O 5. Nf3 d5 6. e3 b6 7. Be2 Bb7 8. O-O dxc4 9. Bxc4 Nbd7 10. Qe2 a6 11. Rfd1 Qe7 12. Rac1 b5 13. Bd3 c5 14. a3 Bxc3 15. Bxc3 c4 16. Bb1 Rfd8 17. e4 a5 18. e5 Nd5 19. Bd2 Qe8 20. Qe4 Nf8 21. Ng5 h6 22. Nh3 Rd7 23. Qg4 Kh8 24.
f4 f5 25. exf6 Nxf6 26. Qh4 Ne4 27. Be3 Ng6 28. Qh5 Bd5 29. Ng5 Nxg5 30. fxg5 Ne7 31. Qh3 Nf5 32. gxh6 gxh6 33. Bxf5 exf5 34. Qxh6+ Kg8 35.
Bf4 Rg7 36. Rd2 Rc8 37. Be5 Rg6 38. Qh8+ Kf7 39. Qh7+ Ke6 40. Re1 Rc7 41. Bxc7+ 1-0

[Event "*** Titled Tuesday Blitz"]
[Site "Chess.com"]
[Date "2020.04.14"]
[Round "9"]
[White "GasconJR"]
[Black "leopato"]
[Result "1-0"]
[WhiteElo "2454"]
[BlackElo "2130"]
[TimeControl "180+1"]
[EndTime "11:43:10 PDT"]
[Termination "GasconJR won on time"]

1. e4 d6 2. d4 Nf6 3. Nc3 g6 4. Bg5 Bg7 5. Qd2 h6 6. Bf4 Nc6 7. O-O-O Nh5 8. Be3 e5 9. dxe5 Nxe5 10.
Be2 Nf6 11. Bd4 Qe7 12. f4 Nc6 13. Bb5 O-O 14. Bxc6 bxc6 15. Nf3 Nxe4 16. Nxe4 Qxe4 17. Bxg7 Kxg7 18. Rhe1 Qc4 19. b3 Qc5 20. Re7 Bg4 21.
Rxc7 Bxf3 22. gxf3 d5 23. f5 Qd6 24. Qc3+ Kg8 25. Rxc6 Qf4+ 26. Kb1 Qxf5 27. Qf6 Qxf6 28.
Rxf6 Rfd8 29. Ra6 Kg7 30. Rd4 h5 31. Ra5 Rac8 32. Raxd5 Re8 33. Rd7 Rc3 34. Rd3 Rxd3 35. Rxd3 Re2 36. c4 Rxh2 37. c5 Re2 38. c6 Re8 39. b4 Rc8 40. b5 a6 41. a4 axb5 42.
axb5 Rb8 43. Rb3 Kf6 44. b6 Ke6 45. c7 Re8 46. b7 Kd7 47. b8=Q f6 48. Rd3+ Ke7 49.
c8=Q 1-0

[Event "*** Titled Tuesday Blitz"]
[Site "Chess.com"]
[Date "2020.04.14"]
[Round "9"]
[White "NTBT_DHS"]
[Black "Nikolakis2014"]
[Result "1/2-1/2"]
[WhiteElo "2559"]
[BlackElo "2681"]
[TimeControl "180+1"]
[EndTime "11:43:11 PDT"]
[Termination "Game drawn by repetition"]

1. d4 Nf6 2. c4 e6 3. Nf3 c5 4. d5 d6 5. Nc3 exd5 6. cxd5 g6 7.
g3 Bg7 8. Bg2 O-O 9. O-O Re8 10.
Nd2 Nbd7 11. h3 a6 12. a4 Ne5 13. f4 Nh5 14. fxe5 Bxe5 15. Nf3 Bxg3 16. e4 f5 17. Ng5 Qf6 18. Ne6 Qe5 19. Ne2 Bxe6 20. dxe6 Rxe6 21. Nxg3 Nxg3 22. Bf4 Qd4+ 23. Qxd4 Ne2+ 24.
Kh1 Nxd4 25. exf5 Re2 26. fxg6 hxg6 27. Bxd6 Kh7 28. Bxc5 Nf5 29. Bf2 Rd8 30. Bf3 Rxb2 31. Bg4 Rd3 32. Bxf5 gxf5 33. Kg2 f4 34. Rad1 Rg3+ 35.
Kh2 Kg6 36. Rd6+ Kf5 37. Rd5+ Ke4 38. Rd4+ Kf3 39. Rd3+ Ke2 40. Rdd1 Kf3 41. Rd3+ Ke2 42. Rdd1 Kf3 43. Rd3+ 1/2-1/2

[Event "*** Titled Tuesday Blitz"]
[Site "Chess.com"]
[Date "2020.04.14"]
[Round "9"]
[White "MikeSailer"]
[Black "Eltarolo"]
[Result "0-1"]
[WhiteElo "2126"]
[BlackElo "2344"]
[TimeControl "180+1"]
[EndTime "11:43:11 PDT"]
[Termination "Eltarolo won on time"]

1. d4 Nf6 2. Bf4 g6 3. e3 Bg7 4.
Nf3 O-O 5. Be2 d5 6. h3 c5 7. c3 Nc6 8. O-O b6 9. Nbd2 Bb7 10. a3 Rc8 11. b4 cxb4 12. cxb4 a5 13. b5 Nb8 14.
Ne5 Nbd7 15. Ndf3 Ne4 16. Nxd7 Qxd7 17. Qb3 Rc3 18. Qb2 Rfc8 19. Rfc1 e6 20. Rxc3 Rxc3 21. Rc1 Qc8 22. Rxc3 Qxc3 23. Qxc3 Nxc3 24. Bd3 Bf8 25. a4 Nxa4 26. Bc7 f6 27. Bc2 Nc3 28. Bxb6 Bb4 29. Bd3 a4 30. Nd2 a3 31. Nb3 Bc8 32. Bc5 Bxc5 33.
dxc5 Na4 34. c6 Kf8 35. Bb1 Ke7 36. Kf1 Kd6 37. Ke2 Nc3+ 38. Kd3 Nxb1 39. Kc2 a2 40.
Kb2 Kc7 41. Nc5 Nc3 42. Ka1 Nxb5 0-1

[Event "*** Titled Tuesday Blitz"]
[Site "Chess.com"]
[Date "2020.04.14"]
[Round "9"]
[White "GreatOwl02"]
[Black "grandcoach"]
[Result "1-0"]
[WhiteElo "2214"]
[BlackElo "1876"]
[TimeControl "180+1"]
[EndTime "11:43:11 PDT"]
[Termination "GreatOwl02 won on time"]

1. d4 d5 2. c4 e6 3. Nf3 Nf6 4. Nc3 Be7 5. Bf4 O-O 6. e3 b6 7. cxd5 Nxd5 8. Nxd5 Qxd5 9. Bd3 Bb4+ 10. Ke2 Ba6 11.
Bxc7 Qe4 12. Bxb8 Bxd3+ 13. Qxd3 Qxd3+ 14. Kxd3 Raxb8 15. Rac1 Bd6 16. Rc6 Rfd8 17. Ke2 f6 18. Rhc1 Kf7 19. Nd2 Rb7 20. Ne4 Bb8 21. Rc8 Ke7 22. h4 Kd7 23. Rxd8+ Kxd8 24. h5 Kd7 25. h6 gxh6 26. Nxf6+ Ke7 27. Ne4 Rc7 28. Rxc7+ Bxc7 29. g4 Kf7 30. f4 Kg6 31. Ng3 Bd6 32. Kf3 a5 33. e4 a4 34. e5 Bb4 35. f5+ Kf7 36. Ke4 Be1 37. Ne2 exf5+ 38. Kxf5 Bf2 39. d5 Bc5 40. d6 b5 41. e6+ Kf8 42. Ke5 a3 43. bxa3 Bxa3 44. Nf4 Bb2+ 45. Kd5 Bc1 46. Nd3 1-0

[Event "*** Titled Tuesday Blitz"]
[Site "Chess.com"]
[Date "2020.04.14"]
[Round "9"]
[White "SantoBlue"]
[Black "Toro1234"]
[Result "1-0"]
[WhiteElo "2820"]
[BlackElo "2641"]
[TimeControl "180+1"]
[EndTime "11:43:12 PDT"]
[Termination "SantoBlue won by resignation"]

1. e4 c6 2. d4 d5 3. Nc3 a6 4. Nf3 Bg4 5. h3 Bxf3 6. Qxf3 e6 7. Bd3 Nf6 8. e5 Nfd7 9. Ne2 c5 10. c3 Nc6 11.
O-O Rc8 12. a3 cxd4 13. cxd4 Na5 14. Rb1 g6 15. Nc3 Bg7 16. g3 O-O 17. h4 f5 18. h5 g5 19. Ne2 h6 20. b3 Qe7 21.
Bd2 Nc6 22. b4 Qf7 23. Qh1 b5 24. Rfc1 Nb6 25. Rc5 Nc4 26. Bxc4 bxc4 27. a4 Ne7 28. Rxc8 Rxc8 29. b5 axb5 30. axb5 Rb8 31. Nc3 Nc8 32.
Ra1 Bf8 33. Be1 Nb6 34. Ra6 Rb7 35. Qf3 g4 36. Qd1 f4 37. Qxg4+ Kh7 38. gxf4 Bb4 39.
Kf1 Qe8 40. f5 Rg7 41. Qf3 Bxc3 42. Bxc3 Qxb5 43. Ra1 Na4 44. fxe6 Qe8 45. Qf5+ Kg8 46. Bb4 c3 47. e7 c2 48. Qf8+ 1-0

[Event "*** Titled Tuesday Blitz"]
[Site "Chess.com"]
[Date "2020.04.14"]
[Round "9"]
[White "AttilaTurzo"]
[Black "SketchyMoves"]
[Result "0-1"]
[WhiteElo "2486"]
[BlackElo "2642"]
[TimeControl "180+1"]
[EndTime "11:43:12 PDT"]
[Termination "SketchyMoves won by resignation"]

1. d4 e6 2. Nf3 Nf6 3. Bf4 b6 4.
e3 Bb7 5. Nbd2 Be7 6. h3 O-O 7. a4 c5 8. a5 cxd4 9. exd4 d6 10. Bd3 Nc6 11. axb6 axb6 12. c3 e5 13. Be3 Re8 14.
O-O Nd5 15. Bb5 Rf8 16. Bxc6 Bxc6 17. dxe5 Nxe3 18. fxe3 dxe5 19. Nc4 f6 20. Qxd8 Raxd8 21. Nxb6 Bc5 22. Nc4 Bb5 23. Nfd2 Bxe3+ 24. Nxe3 Rxd2 25.
Rf2 Rfd8 26. c4 Bc6 27. Rxd2 Rxd2 28. b4 Be4 29. b5 f5 30. c5 f4 31. Rd1 fxe3 32.
Re1 Rxg2+ 33. Kf1 Rf2+ 34. Kg1 Rg2+ 35. Kf1 Rg3 36. Rd1 e2+ 37. Kxe2 Bf3+ 38. Kf2 Bxd1 39. Kxg3 Ba4 40. b6 Bc6 41. Kg4 g6 42. Kg5 Kg7 43. h4 h6+ 44. Kg4 Kf6 45. Kg3 Kf5 46. Kf2 g5 47. Ke3 gxh4 0-1